 Dungeon Crawl Stone Soup version 0.20-a0-1124-g2e29d97 (webtiles) character file.

129 Naow the Firebug (level 5, -2/31 HPs)
             Began as an Octopode Fire Elementalist on May 16, 2017.
             Shot with an arrow by a centaur (5 damage)
             ... on level 3 of the Dungeon.
             The game lasted 00:03:28 (2554 turns).

Naow the Firebug (Octopode Fire Elementalist)       Turns: 2554, Time: 00:03:29

Health: -2/31      AC:  1    Str:  7    XL:     5   Next: 12%
Magic:  9/9        EV: 13    Int: 19    God:
Gold:   130        SH:  0    Dex: 12    Spells: 6/9 levels left

rFire    + . .     SeeInvis .   j - +0 dagger
rCold    x . .     Gourm    .   (no shield)
rNeg     . . .     Faith    .   (helmet restricted)
rPois    .         Spirit   .   l - amulet of magic regeneration
rElec    .         Reflect  .   i - ring of fire
rCorr    .         Harm     .   (no ring)
MR       .....                  (no ring)
Stlth    +++.......             (no ring)
Regen    0.1/turn               (no ring)
MPRegen  0.2/turn               (no ring)
                                (no ring)
                                (no ring)

@: no status effects
A: almost no armour, stealthy swim, amphibious, 8 rings, constrict 8, camouflage
1, gelatinous body 1
a: no special abilities


You were on level 3 of the Dungeon.
You were not hungry.

You visited 1 branch of the dungeon, and saw 3 of its levels.

You collected 130 gold pieces.

Inventory:

Hand Weapons
 j - a +0 dagger (weapon)
Jewellery
 i - a ring of fire (left tentacle)
 l - an amulet of magic regeneration (around mantle)
Scrolls
 d - a scroll of identify {unknown}
 e - 2 scrolls of amnesia {unknown}
 h - 3 scrolls of teleportation {unknown}
 m - 3 scrolls of blinking {unknown}
 n - a scroll of fear {unknown}
 o - 2 scrolls of enchant armour {unknown}
Potions
 c - 2 potions of heal wounds {unknown}
 f - 2 potions of resistance {unknown}
 k - a potion of brilliance {unknown}
Books
 a - a book of Flames

   Spells                             Type                      Level
   a - Flame Tongue                   Conjuration/Fire             1
   b - Throw Flame                    Conjuration/Fire             2
   c - Conjure Flame                  Conjuration/Fire             3
   d - Inner Flame                    Hexes/Fire                   3
   e - Sticky Flame                   Conjuration/Fire             4
   f - Fireball                       Conjuration/Fire             5
Comestibles
 b - 3 bread rations
 g - a royal jelly


   Skills:
 - Level 2.2 Dodging
 + Level 3.7 Stealth
 * Level 2.7 Spellcasting
 * Level 2.5 Conjurations
 * Level 4.0 Fire Magic


You had 6 spell levels left.
You knew the following spells:

 Your Spells              Type           Power        Failure   Level  Hunger
a - Flame Tongue          Conj/Fire      ###..        4%          1    None
b - Throw Flame           Conj/Fire      ###...       6%          2    ##.....


Dungeon Overview and Level Annotations

Branches:
Dungeon (3/15)

Altars:
Makhleb
Sif Muna
Wu Jian


Innate Abilities, Weirdness & Mutations

You cannot wear most types of armour.
You are very stealthy in the water. (Stealth+)
You are amphibious.
You can wear up to eight rings at the same time.
You can use your tentacles to constrict eight enemies at once.
Your skin changes colour to match your surroundings (Stealth+).
Your rubbery body absorbs attacks. (AC +1, EV +1)


Message History

A centaur comes into view.
The centaur shouts!
The centaur wields a shortbow.
The centaur shoots an arrow.
The arrow hits you!
The centaur shoots an arrow.
The arrow closely misses you.
You see here an arrow.
A centaur is nearby!
The centaur shoots an arrow.
The arrow hits you.
You see here an arrow.
The centaur shoots an arrow.
The arrow closely misses you.
You see here an arrow.
The centaur shoots an arrow.
The arrow closely misses you.
You see here an arrow.
The centaur shoots an arrow.
The arrow hits you.
* * * LOW HITPOINT WARNING * * *
You see here an arrow.
The centaur shoots an arrow.
The arrow hits you.
* * * LOW HITPOINT WARNING * * *
You see here an arrow.
The centaur shoots an arrow.
The arrow hits you.
You die...

.##(##.# #.#####.# #h# ..##c.#.#
#.......# #.# ##
###..###(#.#####....### #.#
#.#..#....##.............## #.#
#.#.##.##.##..............# #.#
#.#.##.##.##...(.........## #.#
##.#....##.####.(##.#.....#####.#
.........#.#####.##.#............
................@##.#......).....
.........#.########.#............
.....#####.# ####.#............
.....#####.# #....#......<.....
...........# #.####.####.......
......##########.####.####.....(.
.................................
......###########.###.#####...###
................#.# #............


You could see a centaur.

Vanquished Creatures
  Jessica (D:3)
  6 adders
  2 worms (D:2)
  2 dart slugs
  9 goblins
  5 hobgoblins
  3 jackals (D:3)
  4 kobolds
  A ball python (D:3)
  2 bats
  3 frilled lizards
  6 rats
44 creatures vanquished.

Notes
Turn   | Place    | Note
-------+----------+-------------------------------------------
     0 | D:1      | Naow the Octopode Fire Elementalist began the quest for the Orb.
     0 | D:1      | Reached XP level 1. HP: 11/11 MP: 3/3
   307 | D:1      | Reached XP level 2. HP: 17/17 MP: 3/5
   311 | D:1      | Learned a level 2 spell: Throw Flame
   752 | D:2      | Reached XP level 3. HP: 21/21 MP: 0/6
   913 | D:2      | Found a deep blue altar of Sif Muna.
  1408 | D:2      | Found an ornate altar of the Wu Jian Council.
  1408 | D:2      | Found a burning altar of Makhleb.
  1704 | D:2      | Reached XP level 4. HP: 27/27 MP: 2/7
  2277 | D:3      | Noticed Jessica
  2311 | D:3      | Killed Jessica
  2311 | D:3      | Reached XP level 5. HP: 21/31 MP: 1/9
  2468 | D:3      | Reached skill level 4 in Fire Magic
  2540 | D:3      | Noticed a centaur
  2554 | D:3      | Shot with an arrow by a centaur

Vault maps used:
D:1:      erik_arrival_blinker_ship, wad_floor_pattern_2
D:2:      minitemple, lemuel_blue_sif_altar
D:3:      gammafunk_temple_overflow_wave, first_bread, uniq_jessica

Skill      XL: |  1  2  3  4  5 |
---------------+----------------+-----
Stealth        | 3 |  3.7
Conjurations   | 2 |  2.5
Fire Magic     | 4 |  4.0
Dodging        | |  2.2
Spellcasting   | |  2.7

Action                   |  1- 3 |  4- 6 || total
-------------------------+-------+-------++-------
Melee: Dagger            |     9 |     4 ||    13
       Constrict         |     1 |     1 ||     2
       Tentacles         |     1 |       ||     1
 Cast: Flame Tongue      |    23 |    22 ||    45
       Throw Flame       |    13 |     8 ||    21
 Stab: Sleeping          |     2 |       ||     2
  Eat: Chunk             |     3 |     3 ||     6
Armor: Skin              |     2 |     2 ||     4
Dodge: Dodged            |     3 |    12 ||    15
